Map: Vaani Research Station (Void)

Players

Musumeci

  • Race: Zerg Zerg
  • League: Diamond
  • Spawn Location: 6:00

Upggrayed - Winner!

  • Race: Protoss Protoss
  • League: Diamond
  • Spawn Location: 12:00

VOD

Have the link to the VOD?

Description

Time

  • Played on: Jan. 15, 2017, 3:48 p.m.
  • Length: 20:54
Show
View Real Time Build Order
Export as new Build Order

Musumeci Zerg 

Build Orders: 3 Hatch before Pool, Lurkers 

Get SALT Encoding   

  12  0:01  Drone  
  13  0:09  Extractor  
  13  0:11  Drone  
  14  0:18  Overlord  
  14  0:33  Drone x2, Extractor x2  
  16  0:37  Drone  
  17  1:01  Hatchery  
  16  1:22  Hatchery  
  15  1:39  Spawning Pool  
  14  1:41  Drone  
  14  1:44  Drone  
  16  1:48  Drone  
  16  1:50  Extractor  
  16  1:54  Drone  
  17  2:02  Drone  
  18  2:15  Drone x2  
  20  2:25  Queen  
  20  2:27  Queen  
  24  2:38  Queen  
  24  2:42  Drone  
  27  2:51  Metabolic Boost  
  27  2:58  Drone x3  
  30  3:11  Overlord  
  30  3:13  Drone x3  
  33  3:26  Overlord  
  33  3:27  Overlord  
  33  3:31  Evolution Chamber  
  32  3:47  Lair  
  32  3:48  Zergling x8  
  36  3:49  Zergling x2  
  37  3:58  Spore Crawler  
  37  4:01  Spore Crawler  
  35  4:05  Zerg Melee Weapons Level 1  
  35  4:09  Drone, Extractor  
  35  4:10  Zergling x2  
  35  4:11  Zergling x2  
  37  4:27  Zergling x2  
  37  4:28  Zergling x10  
  37  4:30  Zergling x2  
  43  4:36  Drone x2  
  43  4:37  Drone  
  46  4:40  Drone  
  46  4:58  Drone x5  
  49  5:08  Extractor x2  
  49  5:13  Drone x2  
  49  5:14  Drone, Spire  
  48  5:19  Overlord  
  49  5:32  Drone  
  48  5:46  Hydralisk Den  
  48  5:50  Spore Crawler  
  48  5:55  Drone x10  
  57  6:01  Spore Crawler  
  56  6:08  Spore Crawler  
  55  6:11  Spore Crawler  
  55  6:12  Zerg Missile Weapons Level 1  
  55  6:18  Baneling Nest  
  53  6:29  Overlord x4  
  53  6:41  Muscular Augments  
  53  6:53  Drone x13  
  53  6:54  Drone  
  58  7:23  Drone  
  58  7:25  Drone x2  
  60  7:32  Centrifical Hooks  
  60  7:33  Hydralisk x2  
  60  7:34  Hydralisk x7  
  78  7:38  Zergling x6  
  81  7:52  Overlord x3  
  80  8:20  Hydralisk  
  80  8:21  Hydralisk x11  
  103  8:30  Zergling x4  
  105  8:34  Overlord x3  
  105  8:38  Lurker Den  
  105  8:43  Baneling x4  
  105  8:47  Zerg Missile Weapons Level 2  
  105  8:53  Baneling x4  
  105  8:59  Drone x7  
  105  9:00  Extractor x2  
  105  9:01  Drone x3  
  105  9:02  Drone x3  
  116  9:05  Drone x3  
  119  9:17  Overlord x2  
  119  9:27  Hydralisk x3  
  119  9:28  Hydralisk x2  
  119  9:29  Hatchery  
  125  10:10  Lurker x8  
  125  10:12  Hydralisk x3  
  139  10:18  Drone x7  
  146  10:23  Extractor  
  145  10:30  Overseer  
  145  10:31  Overseer  
  145  10:33  Pneumatized Carapace  
  145  10:34  Overseer  
  145  10:42  Extractor  
  138  10:58  Overlord x4  
  138  11:02  Zergling x2  
  139  11:11  Drone  
  139  11:12  Drone x2  
  142  11:21  Zerg Ground Armor Level 1  
  142  11:25  Infestation Pit  
  141  11:30  Queen  
  141  11:32  Lurker x3  
  146  11:33  Hydralisk x5  
  146  11:34  Hydralisk x6  
  146  11:36  Overlord x2  
  146  11:37  Overlord x2  
  168  11:40  Zergling x10  
  173  11:59  Zergling x4  
  173  12:30  Hydralisk x5  
  173  12:31  Hydralisk x8  
  198  12:40  Spire  
  198  12:41  Spire  
  195  13:07  Hydralisk x2  
  199  13:20  Hatchery  
  199  13:25  Spore Crawler  
  190  13:30  Spore Crawler  
  190  13:33  Spore Crawler  
  188  13:35  Drone x11  
  188  13:36  Spore Crawler x2  
  188  13:40  Spore Crawler  
  196  13:48  Spore Crawler  
  196  13:50  Spore Crawler  
  196  13:51  Spore Crawler  
  196  13:53  Spore Crawler  
  192  13:56  Spore Crawler  
  167  14:09  Spore Crawler  
  148  14:10  Spore Crawler  
  148  14:11  Spore Crawler  
  148  14:12  Corruptor x19  
  148  14:13  Corruptor x2  
  176  14:28  Zerg Flyer Weapons Level 1, Zerg Flyer Armor Level 1  
  169  15:06  Hydralisk x6  
  181  15:14  Corruptor  
  181  15:15  Corruptor x6  
  195  15:23  Baneling  
  195  15:24  Baneling x2, Extractor  
  195  15:25  Baneling x3  
  195  15:27  Hatchery  
  193  15:28  Extractor  
  154  16:04  Corruptor x4  
  154  16:05  Corruptor x3  
  131  16:30  Corruptor x4  
  125  16:38  Hydralisk x3  
  126  16:57  Drone  
  126  16:58  Drone x9  
  108  17:38  Drone  
  108  17:39  Drone x11  
  120  17:47  Drone x3  
  106  18:24  Hydralisk x8  
  106  18:25  Hydralisk x8  
  99  18:50  Lurker x3  
  99  18:55  Lurker x2  
  104  19:23  Hydralisk x8  
  104  19:24  Hydralisk x6  
  107  20:01  Hatchery  
  107  20:04  Hydralisk x6  
  107  20:05  Hydralisk x3  
Show
View Real Time Build Order
Export as new Build Order

Upggrayed Protoss - Winner!

Build Orders: 1 Gate Expand 

Get SALT Encoding   

  12  0:01  Probe (Chrono Boost)  
  13  0:12  Probe (Chrono Boost)  
  14  0:20  Pylon  
  14  0:22  Probe (Chrono Boost)  
  15  0:38  Probe (Chrono Boost)  
  15  0:42  Gateway  
  16  0:49  Probe (Chrono Boost)  
  17  0:59  Probe (Chrono Boost)  
  18  1:05  Assimilator  
  18  1:20  Nexus  
  18  1:23  Probe (Chrono Boost)  
  19  1:33  Cybernetics Core  
  19  1:37  Probe (Chrono Boost)  
  20  1:42  Assimilator  
  20  1:48  Zealot  
  20  1:49  Probe (Chrono Boost)  
  23  1:58  Pylon  
  23  2:12  Adept  
  23  2:20  Mothership Core (Chrono Boost)  
  27  2:29  Warp Gate  
  27  2:33  Probe (Chrono Boost)  
  28  2:40  Probe (Chrono Boost)  
  28  2:41  Stalker  
  28  2:44  Probe (Chrono Boost)  
  33  2:52  Probe (Chrono Boost)  
  33  2:54  Probe (Chrono Boost)  
  34  3:01  Twilight Council  
  34  3:04  Probe (Chrono Boost)  
  34  3:05  Probe (Chrono Boost)  
  36  3:15  Probe (Chrono Boost)  
  36  3:16  Probe (Chrono Boost)  
  38  3:24  Resonating Glaives  
  38  3:26  Probe (Chrono Boost)  
  40  3:28  Probe (Chrono Boost)  
  40  3:34  Adept  
  40  3:36  Probe (Chrono Boost)  
  43  3:43  Pylon  
  43  3:45  Nexus  
  44  3:48  Probe (Chrono Boost)  
  44  3:51  Pylon  
  44  3:53  Probe (Chrono Boost)  
  45  4:00  Probe (Chrono Boost)  
  46  4:02  Assimilator  
  46  4:04  Probe (Chrono Boost)  
  46  4:06  Assimilator  
  47  4:13  Probe (Chrono Boost)  
  47  4:14  Probe (Chrono Boost)  
  50  4:25  Stargate, Probe x2 (Chrono Boost)  
  50  4:26  Stargate  
  51  4:35  Probe (Chrono Boost)  
  51  4:37  Probe (Chrono Boost)  
  53  4:44  Gateway x2  
  53  4:46  Probe (Chrono Boost)  
  53  4:49  Probe (Chrono Boost)  
  55  4:57  Probe (Chrono Boost)  
  55  4:59  Adept  
  59  5:01  Probe (Chrono Boost)  
  59  5:06  Probe (Chrono Boost)  
  60  5:07  Phoenix x2  
  60  5:08  Probe (Chrono Boost)  
  60  5:13  Probe (Chrono Boost)  
  66  5:17  Probe (Chrono Boost)  
  66  5:19  Gateway  
  66  5:20  Probe (Chrono Boost)  
  68  5:25  Probe (Chrono Boost)  
  68  5:27  Probe (Chrono Boost)  
  70  5:29  Phoenix x2  
  70  5:35  Probe (Chrono Boost)  
  74  5:44  Adept  
  76  5:50  Pylon  
  76  5:52  Pylon  
  76  6:05  Phoenix x2  
  76  6:06  Probe (Chrono Boost)  
  76  6:07  Assimilator  
  81  6:11  Gateway  
  81  6:13  Gateway, Assimilator  
  81  6:16  Probe (Chrono Boost)  
  81  6:17  Probe (Chrono Boost)  
  81  6:18  Adept x3, Probe (Chrono Boost)  
  90  6:26  Probe (Chrono Boost)  
  90  6:27  Adept  
  93  6:33  Forge  
  93  6:34  Forge  
  93  6:37  Pylon  
  93  6:39  Pylon  
  93  6:47  Pylon  
  93  6:50  Pylon  
  93  6:52  Phoenix x2, Pylon  
  93  6:55  Probe (Chrono Boost)  
  93  6:57  Probe x2 (Chrono Boost)  
  93  6:58  Fleet Beacon  
  99  7:09  Probe (Chrono Boost)  
  99  7:11  Adept x4  
  99  7:13  Protoss Ground Weapons Level 1  
  99  7:15  Protoss Ground Armor Level 1  
  97  7:26  Probe (Chrono Boost)  
  97  7:29  Probe (Chrono Boost)  
  99  7:33  Phoenix  
  99  7:36  Phoenix  
  99  7:38  Stargate  
  99  7:40  Nexus  
  104  7:46  Probe (Chrono Boost)  
  105  7:52  Probe (Chrono Boost)  
  105  7:54  Photon Cannon, Probe (Chrono Boost)  
  106  8:08  Pylon  
  106  8:10  Pylon  
  106  8:11  Adept x6  
  118  8:13  Photon Cannon x2  
  118  8:15  Photon Cannon  
  117  8:25  Probe (Chrono Boost)  
  117  8:26  Carrier  
  118  8:36  Photon Cannon  
  118  8:37  Photon Cannon  
  118  8:39  Photon Cannon  
  118  8:40  Zealot  
  126  8:41  Photon Cannon  
  126  8:42  Phoenix, Photon Cannon  
  128  8:50  Protoss Air Weapons Level 1  
  128  8:59  Carrier  
  128  9:02  Probe (Chrono Boost)  
  135  9:05  Cybernetics Core  
  135  9:06  Adept x3  
  135  9:09  Probe (Chrono Boost)  
  142  9:10  Assimilator  
  142  9:15  Assimilator  
  142  9:16  Templar Archives  
  142  9:32  Carrier  
  142  9:41  Adept x3  
  142  9:42  Adept x3  
  158  9:55  Carrier, Photon Cannon  
  158  9:56  Photon Cannon  
  158  10:01  Photon Cannon  
  159  10:07  Protoss Ground Weapons Level 2  
  159  10:10  High Templar x2  
  159  10:11  Psionic Storm  
  163  10:15  Pylon, Protoss Ground Armor Level 2  
  163  10:17  Pylon  
  163  10:33  Carrier  
  167  10:56  Adept x3  
  167  10:57  Adept x3  
  180  11:05  Probe (Chrono Boost)  
  180  11:06  Probe x2 (Chrono Boost)  
  178  11:24  High Templar  
  180  11:28  Pylon  
  180  11:31  Pylon  
  180  11:32  Photon Cannon  
  180  11:34  Carrier  
  180  11:46  High Templar, Carrier  
  188  11:47  Pylon  
  188  11:49  Pylon  
  186  11:55  Photon Cannon  
  186  11:56  Photon Cannon  
  186  11:58  Photon Cannon  
  186  11:59  Carrier, Photon Cannon  
  196  12:05  Stargate  
  196  12:07  Stargate  
  196  12:57  Nexus  
  196  12:59  Assimilator  
  196  13:03  Assimilator  
  196  13:05  Pylon  
  196  13:08  Pylon  
  196  13:10  Pylon  
  196  13:11  Pylon  
  196  13:16  Carrier  
  184  13:27  Carrier  
  188  13:56  Carrier  
  184  14:07  Carrier  
  198  14:27  Photon Cannon  
  198  14:28  Photon Cannon  
  198  14:29  Photon Cannon  
  196  14:31  Photon Cannon  
  196  14:33  Photon Cannon  
  196  14:35  Photon Cannon  
  196  14:37  Photon Cannon x2  
  188  14:40  Photon Cannon, Oracle  
  188  14:41  Probe (Chrono Boost)  
  188  14:42  Photon Cannon  
  188  14:45  Robotics Facility, Photon Cannon  
  192  14:46  Adept x4  
  192  15:04  Protoss Ground Weapons Level 3  
  192  15:05  High Templar x2  
  196  15:07  High Templar x2  
  196  15:12  Protoss Ground Armor Level 3  
  196  15:24  Protoss Air Weapons Level 2, Protoss Air Armor Level 1  
  196  15:35  Adept x2  
  176  15:57  Adept x6  
  180  16:04  Carrier, Archon  
  180  16:05  Archon  
  180  16:10  Carrier  
  168  16:12  Carrier, Charge  
  168  16:13  Void Ray x2  
  194  16:22  Zealot x5  
  178  16:39  Zealot  
  174  16:56  Carrier  
  174  16:57  Carrier  
  186  17:04  Observer  
  179  17:13  Stalker x5  
  189  17:23  Observer  
  189  17:27  Protoss Air Weapons Level 3  
  189  17:29  Protoss Air Armor Level 2  
  186  17:30  Protoss Shields Level 1  
  186  17:31  High Templar  
  172  17:37  Void Ray x2  
  172  17:38  Void Ray  
  184  18:00  Observer  
  185  18:16  Warp Prism, Pylon  
  185  18:19  Pylon, Void Ray  
  181  18:20  Void Ray  
  181  18:21  Pylon, Void Ray  
  189  18:27  Nexus  
  155  18:45  Void Ray  
  155  18:46  Void Ray  
  163  18:49  Photon Cannon  
  163  19:02  Void Ray  
  163  19:07  High Templar x5  
  177  19:12  Photon Cannon  
  177  19:14  Photon Cannon  
  177  19:16  Photon Cannon  
  177  19:31  Assimilator  
  177  19:38  Assimilator  
  177  20:17  Adept x5  
  174  20:34  Archon  
  174  20:35  Archon  
  174  20:38  High Templar x4  
Tags
 
Add a new tag
Caveats
  • Supply blocks, unpowered buildings, or Contaminate may cause inaccurate times.
  • Supply counts are checked every 10 seconds.